 Dungeon Crawl Stone Soup version 0.31.0-12-g77e489cdc1 (webtiles) character file.

Game seed: 18429360934451505061

2301 HakonGodeson the Chopper (level 9, -1/68 HPs)
             Began as a Human Chaos Knight on Feb 18, 2024.
             Was an Elder of Qazlal.
             Killed themself with a badly aimed iceblast (14 damage)
             ... on level 7 of the Dungeon.
             The game lasted 00:23:22 (5798 turns).

HakonGodeson the Chopper (Human Chaos Knight)       Turns: 5798, Time: 00:23:24

Health: -1/68      AC:  7    Str: 13    XL:     9   Next: 40%
Magic:  21/21      EV: 13    Int: 19    God:    Qazlal [****..]
Gold:   354        SH:  5    Dex: 12    Spells: 9/12 levels left

rFire   . . .        b - +4 broad axe (flame)
rCold   . . .        (no shield)
rNeg    . . .        t - +2 steam dragon scales
rPois   .            (no helmet)
rElec   .            (no cloak)
rCorr   .            (no gloves)
SInv    .            (no boots)
Will    .....        e - amulet of the acrobat
Stlth   +            k - ring of magical power
HPRegen 0.31/turn    (no ring)
MPRegen 0.17/turn

%: repel missiles, acrobat, clarity
@: no status effects
A: explore regen, clarity, clever 1
a: Renounce Religion, Upheaval, Elemental Force


You were on level 7 of the Dungeon.
You worshipped Qazlal.
Qazlal was greatly pleased with you.
You visited 1 branch of the dungeon, and saw 7 of its levels.
You also visited: Ossuary.

You collected 354 gold pieces.

Inventory:

Hand Weapons
 a - a +0 hand axe of flaming
 b - a +4 broad axe of flaming (weapon)
Missiles
 u - 5 boomerangs
Armour
 o - a +2 leather armour of poison resistance
 t - +2 steam dragon scales (worn)
Jewellery
 c - an amulet of faith
 e - an amulet of the acrobat (around neck)
 k - a ring of magical power (left hand)
Wands
 h - a wand of flame (12)
 q - a wand of iceblast (6)
Scrolls
 i - a scroll of silence
 l - 2 scrolls of teleportation
 m - a scroll of torment
 r - a scroll of noise
 s - a scroll of vulnerability
 v - a scroll of fog
Potions
 d - 2 potions of heal wounds
 f - 4 potions of lignification
 g - 3 potions of degeneration
 j - 5 potions of curing
 n - a potion of enlightenment {unknown}
 p - 3 potions of brilliance


   Skills:
 * Level 5.3 Fighting
 * Level 7.0 Axes
 * Level 3.7 Throwing
 * Level 4.1 Armour
 * Level 3.9 Dodging
 * Level 3.2 Stealth
 + Level 1.3 Shields
 * Level 2.3 Spellcasting
 * Level 2.8 Necromancy
 * Level 3.1 Invocations
 * Level 1.6 Evocations


You had 9 spell levels left.
You knew the following spells:

 Your Spells              Type           Power      Damage    Failure   Level
a - Fugue of the Fallen   Necr           13%        N/A       16%         3

Your spell library contained the following spells:

 Spells                   Type           Power      Damage    Failure   Level
 Ozocubu's Armour         Ice            2%         N/A       45%         3
 Manifold Assault         Tloc           2%         N/A       86%         4


Dungeon Overview and Level Annotations

Branches:
Dungeon (7/15)             Temple (0/1) D:4         Ossuary (visited)

Altars:
Makhleb
Qazlal

Annotations:
D:7 Prince Ribbit


Innate Abilities, Weirdness & Mutations

You regain HP and MP as you explore.
You possess an exceptional clarity of mind.
Your mind is acute. (Int +4, Str/Dex -1)


Message History

Qazlal accepts your kill.
Your Axes skill increases to level 7!
Your Armour skill increases to level 4!
Things that are here:
a +4 broad axe of flaming; +2 steam dragon scales Your +0 hand axe of flaming stops flaming.
Your +4 broad axe of flaming bursts into flame!
b - a +4 broad axe of flaming (weapon)
Okay, then.
Your water elemental disappears in a puff of smoke!
You start removing your armour.
You continue taking off your +2 leather armour of poison resistance. x4
You finish taking off your +2 leather armour of poison resistance.
You no longer feel resistant to poison.
You start putting on your armour.
You continue putting on your +2 steam dragon scales. x2
Magic restored.
The sky beast closely misses you.
You continue putting on your +2 steam dragon scales.
The sky beast hits you. The sky beast shocks you.
You continue putting on your +2 steam dragon scales.
The sky beast hits you. The sky beast shocks you.
* * * LOW HITPOINT WARNING * * *
You continue putting on your +2 steam dragon scales.
The sky beast closely misses you.
You finish putting on your +2 steam dragon scales.
You slash the sky beast! You burn the sky beast.
The sky beast is heavily wounded.
The sky beast is engulfed in freezing vapours.
The sky beast flickers out of sight!
Deactivating autopickup; reactivate with Ctrl-A.
Something hits you.
* * * LOW HITPOINT WARNING * * *
Something shocks you.
* * * LOW HITPOINT WARNING * * *
Aiming: Iceblast
Press: ? - help, Shift-Dir - straight line The mass of ice explodes!
The iceblast engulfs something!!
Qazlal accepts your kill.
Reactivating autopickup.
You feel a bit more experienced. The iceblast engulfs you!
You die...

................
.....##.......(..
#.... ##....((..
.........
........ #.....#
..#.....###
........#.+
.......°@.#
#.......§.#
.........##
.......###
..##... . ####


There were no monsters in sight!

Vanquished Creatures
  A steam dragon (D:6)
  A sky beast (D:7)
  A black bear (D:6)
  3 ogres
  2 phantoms
  A weeping skull (Ossuary)
  2 water moccasin zombies (Ossuary)
  2 scorpions
  5 wights (D:6)
  3 hounds
  A jelly (D:6)
  4 bombardier beetles
  A gnoll bouda (D:6)
  2 orc priests
  A spectral scorpion (Ossuary)
  3 iguanas
  4 orc wizards
  A crocodile zombie (Ossuary)
  2 mummies (Ossuary)
  5 gnolls (D:6)
  8 adders
  A white imp (D:6)
  6 adder zombies (Ossuary)
  2 ribbon worms (D:3)
  15 orcs
  8 bats
  11 endoplasms
  3 giant cockroaches
  7 goblins
  6 hobgoblins
  4 jackals (D:2)
  5 quokkas
  11 ball pythons
  3 frilled lizards
  16 gnoll zombies (Ossuary)
  3 jackal zombies (Ossuary)
  5 kobolds
  2 orc zombies (Ossuary)
  5 rats
166 creatures vanquished.

Vanquished Creatures (collateral kills)
  Maggie (D:7)
1 creature vanquished.

Grand Total: 167 creatures vanquished

Notes
Turn   | Place    | Note
-------+----------+-------------------------------------------
     0 | D:1      | HakonGodeson the Human Chaos Knight began the quest for the
                  | Orb.
     0 | D:1      | Reached XP level 1. HP: 18/18 MP: 1/1
    42 | D:1      | XOM: divination: detect items
    43 | D:1      | XOM: silly message
   104 | D:1      | Found a faded altar of an unknown god.
   113 | D:1      | Prayed at the altar of an unknown god.
   113 | D:1      | Fell from the grace of Xom
   113 | D:1      | Became a worshipper of Qazlal Stormbringer
   113 | D:1      | Reached * piety under Qazlal
   141 | D:1      | Reached XP level 2. HP: 24/24 MP: 2/2
   313 | D:1      | XOM: give mutation
   313 | D:1      | Gained mutation: You have large cloven feet. [Xom's grace]
   451 | D:1      | You fall into a shaft and drop 1 floor!
   531 | D:1      | Reached XP level 3. HP: 27/29 MP: 3/3
   710 | D:2      | Reached ** piety under Qazlal
  1183 | D:2      | XOM: god gift: 22 gold pieces
  1452 | D:2      | XOM: give mutation
  1452 | D:2      | Lost mutation: You have large cloven feet. [Xom's mischief]
  1691 | D:3      | Reached XP level 4. HP: 35/35 MP: 4/4
  1704 | D:3      | XOM: give mutations
  1704 | D:3      | Gained mutation: You possess an exceptional clarity of
                  | mind. [Xom's grace]
  1704 | D:3      | Gained mutation: Your natural rate of healing is unusually
                  | fast. [Xom's grace]
  1704 | D:3      | Gained mutation: You are partially covered in iridescent
                  | scales. (AC +2) [Xom's grace]
  1704 | D:3      | Gained mutation: You are mostly covered in iridescent
                  | scales. (AC +4) [Xom's grace]
  1725 | D:3      | XOM: repel stairs
  1742 | D:3      | Reached skill level 1 in Invocations
  1749 | D:3      | Reached skill level 1 in Throwing
  1749 | D:3      | Reached skill level 1 in Stealth
  1749 | D:3      | Reached XP level 5. HP: 13/41 MP: 5/5
  2096 | D:3      | Learned a level 3 spell: Fugue of the Fallen
  2292 | D:3      | XOM: summons 5 hostile demons
  2337 | D:3      | XOM: give mutations
  2337 | D:3      | Gained mutation: You are agile. (Dex +4, Str/Int -1) [Xom's
                  | mischief]
  2337 | D:3      | Lost mutation: You possess an exceptional clarity of mind.
                  | [Xom's mischief]
  2514 | D:4      | Noticed a phantom
  2521 | D:4      | Noticed an ogre
  2527 | D:4      | Killed a phantom
  2528 | D:4      | Reached skill level 4 in Axes
  2528 | D:4      | Reached XP level 6. HP: 8/48 MP: 7/7
  2611 | D:4      | Found a sand-covered staircase.
  2618 | D:4      | Reached *** piety under Qazlal
  2623 | D:4      | Reached skill level 1 in Necromancy
  2637 | D:4      | Reached XP level 7. HP: 28/53 MP: 8/8
  2655 | Ossuary  | Entered an ossuary
  2717 | Ossuary  | Reached skill level 1 in Spellcasting
  2858 | Ossuary  | Reached skill level 5 in Axes
  2923 | Ossuary  | Lost mutation: You are mostly covered in iridescent scales.
                  | (AC +4) [potion of mutation]
  2923 | Ossuary  | Lost mutation: You are partially covered in iridescent
                  | scales. (AC +2) [potion of mutation]
  2923 | Ossuary  | Gained mutation: Your mind is acute. (Int +4, Str/Dex -1)
                  | [potion of mutation]
  2923 | Ossuary  | Gained mutation: You are weak. (Str -2) [potion of
                  | mutation]
  2923 | Ossuary  | Gained mutation: Your movements are slightly less
                  | encumbered by armour. (ER -2) [potion of mutation]
  2924 | Ossuary  | Lost mutation: You are agile. (Dex +4, Str/Int -1) [potion
                  | of mutation]
  2924 | Ossuary  | Lost mutation: Your movements are slightly less encumbered
                  | by armour. (ER -2) [potion of mutation]
  2924 | Ossuary  | Lost mutation: Your mind is acute. (Int +4, Str/Dex -1)
                  | [potion of mutation]
  2924 | Ossuary  | Gained mutation: You are robust. (+10% HP) [potion of
                  | mutation]
  2924 | Ossuary  | Gained mutation: Your spells are a little harder to cast,
                  | but a little more powerful. [potion of mutation]
  2958 | D:4      | Lost mutation: Your natural rate of healing is unusually
                  | fast. [potion of mutation]
  2958 | D:4      | Lost mutation: You are weak. (Str -2) [potion of mutation]
  2958 | D:4      | Lost mutation: You are robust. (+10% HP) [potion of
                  | mutation]
  2958 | D:4      | Gained mutation: You are somewhat resistant to further
                  | mutation. [potion of mutation]
  2958 | D:4      | Gained mutation: You are partially covered in iridescent
                  | scales. (AC +2) [potion of mutation]
  2959 | D:4      | Lost mutation: You are somewhat resistant to further
                  | mutation. [potion of mutation]
  2959 | D:4      | Lost mutation: You are partially covered in iridescent
                  | scales. (AC +2) [potion of mutation]
  2959 | D:4      | Lost mutation: Your spells are a little harder to cast, but
                  | a little more powerful. [potion of mutation]
  2959 | D:4      | Gained mutation: You possess an exceptional clarity of
                  | mind. [potion of mutation]
  2959 | D:4      | Gained mutation: Your mind is acute. (Int +4, Str/Dex -1)
                  | [potion of mutation]
  2985 | D:4      | Found a staircase to the Ecumenical Temple.
  3081 | D:4      | Reached **** piety under Qazlal
  3099 | D:4      | XOM: silly message
  3501 | D:5      | Entered Level 5 of the Dungeon
  3513 | D:5      | Reached XP level 8. HP: 61/61 MP: 9/9
  3558 | D:5      | Found a burning altar of Makhleb.
  4027 | D:5      | XOM: silly message
  4245 | D:6      | Reached skill level 6 in Axes
  4355 | D:6      | XOM: silly message
  4440 | D:6      | Reached skill level 5 in Fighting
  4448 | D:6      | Reached skill level 1 in Evocations
  4454 | D:6      | Reached skill level 1 in Shields
  4570 | D:6      | XOM: silly message
  4747 | D:6      | Reached XP level 9. HP: 68/68 MP: 12/12
  4897 | D:6      | XOM: noise
  5730 | D:7      | Noticed Prince Ribbit
  5736 | D:7      | Noticed Maggie
  5736 | D:7      | XOM: noise
  5781 | D:7      | Killed Maggie
  5782 | D:7      | Reached skill level 7 in Axes
  5798 | D:7      | Killed themself with a badly aimed iceblast

Illustrated notes

Levels and vault maps discovered:
D:1:      dpeg_arrival_castle, layout_rooms, shapermc_ecumenical_altar_pompeii,
          minmay_heptomino_o4
D:2:      layout_basic
D:3:      minmay_razor_zed, layout_basic, minmay_misc_feat_room,
          minmay_box_of_dots
D:4:      layout_basic, minmay_temple_entry_junction_2,
          nicolae_ossuary_entry_monument, chequers_serial_rivers_large_b
D:5:      layout_rooms, kennysheep_mini
D:6:      nicolae_cairo_tiling, layout_loops_ring
D:7:      layout_cave_pools, mainiacjoe_overflow_24_doors,
          nicolae_overflow_hidden_temple, ebering_ghost_rock_garden,
          grunt_potential, uniq_crazy_yiuf_cottage, uniq_joseph, uniq_pikel,
          uniq_prince_ribbit1, uniq_maggie

Skill      XL: |  1  2  3  4  5  6  7  8  9 |
---------------+----------------------------+-----
Invocations    | 1 2 3 |  3.1
Throwing       | 1 2 3 |  3.7
Stealth        | 1 2 3 |  3.2
Dodging        | 2 3 |  3.9
Axes           | 4 5 6 7 |  7.0
Armour         | 3 4 |  4.1
Necromancy     | 1 2 |  2.8
Spellcasting   | 1 2 |  2.3
Fighting       | 4 5 |  5.3
Evocations     | 1 |  1.6
Shields        | 1 |  1.3

Action                     |  1- 3 |  4- 6 |  7- 9 || total
---------------------------+-------+-------+-------++-------
  Melee: Hand axe          |    61 |    73 |   425 ||   559
         Kick              |     6 |       |       ||     6
         Punch             |     2 |     4 |     9 ||    15
         Broad axe         |       |       |     1 ||     1
  Throw: Dart              |     8 |       |     4 ||    12
         Boomerang         |    26 |    35 |    21 ||    82
         Javelin           |       |       |    21 ||    21
   Cast: Fugue of the Fall |       |       |     1 ||     1
 Invoke: Upheaval          |       |       |     3 ||     3
         Elemental Force   |       |       |     1 ||     1
  Evoke: Wand              |       |       |     6 ||     6
    Use: Scroll            |     8 |     8 |     7 ||    23
         Potion            |       |     4 |    10 ||    14
 Armour: Leather armour    |    24 |    46 |   187 ||   257
         Ring mail         |    25 |    10 |       ||    35
         Skin              |       |     3 |    29 ||    32
         Steam dragon scal |       |       |     2 ||     2
  Dodge: Dodged            |    49 |    43 |   204 ||   296
  Block: Other             |     7 |    12 |    67 ||    86
